 Dungeon Crawl Stone Soup version 0.27.1-33-g824d729ab1 (webtiles) character file.

Game seed: 10972819487083561205

226 pkoi the Ruffian (level 5, 0/45 HPs)
             Began as a Draconian Fighter on Dec 15, 2021.
             Was a Believer of Trog.
             Slain by an orc (2 damage)
             ... on level 3 of the Dungeon.
             The game lasted 00:02:50 (3552 turns).

pkoi the Ruffian (Draconian Fighter)                Turns: 3552, Time: 00:02:50

Health: 0/45       AC:  6    Str: 19    XL:     5   Next: 69%
Magic:  5/5        EV: 12    Int:  9    God:    Trog [**....]
Gold:   74         SH:  0    Dex: 10    Spells: 4/4 levels left

rFire    . . .     SeeInvis .     - Unarmed
rCold    . . .     Faith    .   (no shield)
rNeg     . . .     Spirit   .   (armour unavailable)
rPois    .         Reflect  .   (helmet restricted)
rElec    .         Harm     .   (no cloak)
rCorr    .         Rampage  .   d - +0 pair of gloves
Will     .....                  (no boots)
Stlth    +.........             (no amulet)
HPRegen  0.15/turn              (no ring)
MPRegen  0.09/turn              (no ring)

@: on berserk cooldown, slowed, very slow
A: AC +5, unfitting armour, cold-blooded
a: Renounce Religion, Berserk, Trog's Hand


You were on level 3 of the Dungeon.
You worshipped Trog.
Trog was pleased with you.
You visited 1 branch of the dungeon, and saw 3 of its levels.

You collected 74 gold pieces.

Inventory:

Armour
 a - a +0 kite shield
 d - a +0 pair of gloves (worn)
Jewellery
 g - a ring of fire
 j - a +4 ring of slaying
Potions
 b - a potion of might
 c - a potion of lignification {unknown}
 e - a potion of curing
 f - a potion of flight {unknown}
 h - 2 potions of cancellation {unknown}


   Skills:
 - Level 3.2 Fighting
 - Level 2.6 Dodging
 - Level 3.0 Shields
 + Level 6.0 Unarmed Combat


You had 4 spell levels left.
You didn't know any spells.
Your spell library was empty.

Dungeon Overview and Level Annotations

Branches:
Dungeon (3/15)

Altars:
Trog


Innate Abilities, Weirdness & Mutations

Your plain brown scales are hard. (AC +5)
You cannot fit into any form of body armour.
You are cold-blooded and may be slowed by cold attacks.


Message History

You punch the iguana!
The iguana is almost dead.
You hit the iguana.
You kill the iguana!
Trog accepts your kill.
Unknown command.
You miss something.
You hear some strange, mumbled words.
A magic dart appears from out of thin air!
The magic dart hits you.
* * * LOW HITPOINT WARNING * * *
You miss something.
Unknown command.
You hit something.
Your tail-slap misses something.
Something hits you.
* * * LOW HITPOINT WARNING * * *
You punch something! Something hits you but does no damage.
You hit something. Trog accepts your kill.
Trog appreciates your killing of a magic user.
Reactivating autopickup.
You feel a bit more experienced.
The orc priest mumbles some strange prayers to Beogh against you.
Beogh smites you!
* * * LOW HITPOINT WARNING * * *
Items here: ))) [[[ †††.
You hit the orc priest.
The orc priest is moderately wounded.
The orc priest hits you but does no damage.
The orc closely misses you.
You punch the orc priest!
You kill the orc priest!
Trog accepts your kill.
You can now call upon Trog for regeneration and willpower.
Your Unarmed Combat skill increases to level 6!
You are no longer berserk.
You are exhausted.
You feel yourself slow down. The orc barely misses you.
You see here a +2 vorpal flail.
The orc hits you with a +0 flail.
You die...

##........##......##........#....
.+........##......##(...#.###....
'#........##...#+###.......##...#
....##....##...#,**#....#........
....##.........#,,..........#...#
....##.........##########.#.#...#
....##,...........#######<#'#...#
.....#*...........#..............
.....#*,,,*#....@.#..............
.....#*,,,*#...o).#........>.....
.....#*,,,*#...#)##..............
######*,,,*#####.##..............
*,,,* #...##.............. *****
#.####..............
#....'...........>..
######..............
#..............


You could see an orc.

Vanquished Creatures
  2 orc priests (D:3)
  An iguana (D:3)
  4 orc wizards
  An adder (D:2)
  2 worms (D:2)
  2 orcs
  An endoplasm (D:2)
  A goblin (D:2)
  2 hobgoblins (D:2)
  5 kobolds
  3 quokkas
  5 ball pythons
  A bat (D:2)
  2 frilled lizards
  A rat (D:3)
33 creatures vanquished.

Vanquished Creatures (others)
  5 withered plants (D:3)
5 creatures vanquished.

Grand Total: 38 creatures vanquished

Notes
Turn   | Place    | Note
-------+----------+-------------------------------------------
     0 | D:1      | pkoi the Draconian Fighter began the quest for the Orb.
     0 | D:1      | Reached XP level 1. HP: 19/19 MP: 1/1
    44 | D:1      | You fall into a shaft and drop 1 floor!
    44 | D:2      | Found a bloodstained altar of Trog.
   363 | D:1      | Reached XP level 2. HP: 22/26 MP: 2/2
   656 | D:1      | Found a faded altar of an unknown god.
  1205 | D:1      | Became a worshipper of Trog the Wrathful
  1205 | D:1      | Reached * piety under Trog
  1271 | D:2      | Reached skill level 3 in Unarmed Combat
  2586 | D:2      | Reached XP level 3. HP: 27/31 MP: 3/3
  2944 | D:3      | Reached skill level 4 in Unarmed Combat
  3280 | D:3      | Reached XP level 4. HP: 32/38 MP: 4/4
  3471 | D:3      | Reached skill level 5 in Unarmed Combat
  3538 | D:3      | Reached XP level 5. HP: 23/45 MP: 5/5
  3547 | D:3      | HP: 3/67 [orc priest/divine providence (15)]
  3550 | D:3      | Reached ** piety under Trog
  3551 | D:3      | Reached skill level 6 in Unarmed Combat
  3552 | D:3      | Slain by an orc

Illustrated notes

Levels and vault maps discovered:
D:1:      psy_arrival_heroes, layout_loops_ring,
          chequers_ecumenical_altar_twisty, minivault_25
D:2:      layout_rooms, basic_altar
D:3:      layout_basic, kiku_gazebo_garden_becter

Skill      XL: |  1  2  3  4  5 |
---------------+----------------+-----
Unarmed Combat | 3 4 5 6 |  6.0
Fighting       | |  3.2
Dodging        | |  2.6
Shields        | |  3.0

Action                   |  1- 3 |  4- 6 || total
-------------------------+-------+-------++-------
Melee: Unarmed           |   106 |    44 ||   150
       Tailslap          |    11 |     6 ||    17
Invok: Berserk           |       |     1 ||     1
  Use: Scroll            |     2 |       ||     2
       Potion            |     1 |       ||     1
Armor: Skin              |    27 |     9 ||    36
Dodge: Dodged            |    70 |    23 ||    93
